 Dungeon Crawl Stone Soup version 0.31-a0-232-gb1c03b2570 (webtiles) character file.

Game seed: 4362540610501399075

639 qw the Shooter (level 7, 0/43 HPs)
             Began as a Gargoyle Hexslinger on July 7, 2023.
             Slain by a black bear (2 damage)
             ... on level 5 of the Dungeon.
             The game lasted 00:01:25 (3413 turns).

qw the Shooter (Gargoyle Hexslinger)                Turns: 3413, Time: 00:01:25

Health: 0/43       AC: 21    Str: 11    XL:     7   Next: 51%
Magic:  8/8        EV: 10    Int: 14    God:
Gold:   141        SH:  0    Dex: 14    Spells: 7/8 levels left

rFire   . . .        h - +1 sling (heavy)
rCold   . . .        (no shield)
rNeg    + . .        k - +0 ring mail
rPois   inf          f - +1 helmet
rElec   +            d - +2 cloak
rCorr   .            c - +1 pair of gloves
SInv    .            (no boots)
Will    .....        (no amulet)
Stlth   +            i - +4 ring of protection
HPRegen 0.27/turn    (no ring)
MPRegen 0.11/turn

%: no passive effects
@: no status effects
A: sickness immunity, AC +4, negative energy resistance 1, electricity
resistance, torment resistance 1, petrification resistance
a: no special abilities


You were on level 5 of the Dungeon.
You visited 1 branch of the dungeon, and saw 5 of its levels.

You collected 239 gold pieces.
You spent 98 gold pieces at shops.


Innate Abilities, Weirdness & Mutations

You are immune to sickness and miasma.
Your stone body is resilient. (AC +4)
You are immune to poison.
You resist negative energy. (rN+)
You are resistant to electric shocks. (rElec)
You are resistant to unholy torment.
You are immune to petrification.


   Skills:
 - Level 4.0 Fighting
 + Level 6.9 Ranged Weapons
 - Level 2.1 Armour
 - Level 1.5 Dodging
 - Level 1.0 Spellcasting
 - Level 2.6 Hexes


You had 7 spell levels left.
You knew the following spells:

 Your Spells              Type           Power      Damage    Failure   Level
a - Slow                  Hex            32%        N/A       21%         1

Your spell library contained the following spells:

 Spells                   Type           Power      Damage    Failure   Level
 Inner Flame              Hex/Fire       4%         N/A       71%         3
 Portal Projectile        Hex/Tloc       8%         N/A       71%         3
 Cause Fear               Hex            4%         N/A       90%         4

Inventory:

Hand Weapons
 h - a +1 heavy sling (weapon)
Armour
 c - a +1 pair of gloves (worn)
 d - a +2 cloak (worn)
 f - a +1 helmet (worn)
 k - a +0 ring mail (worn)
 l - a +3 ring mail
Jewellery
 i - a +4 ring of protection (left hand)
 j - a ring of ice
Scrolls
 g - a scroll of teleportation {unknown}
 m - a scroll of identify
Potions
 b - a potion of enlightenment
 e - 5 potions of curing
 n - a potion of haste {unknown}

Dungeon Overview and Level Annotations

Branches:
Dungeon (5/15)
 Temple: D:4-7

Altars:
Fedhas
Kikubaaqudgha

Shops:
D:2 *?(   D:4 =

Annotations:
D:4 1 runed translucent door, Crazy Yiuf
D:5 Sigmund


Message History

The white imp gestures at you. The puff of frost hits you.
Something hits you but does no damage. The black bear misses you.
The black bear claws you but does no damage. x2
The howler monkey barely misses you. The gnoll completely misses you.
You shoot a sling bullet. The sling bullet hits the black bear.
The black bear is lightly wounded.
The gnoll closely misses you. The gnoll hits you but does no damage.
The black bear bites you but does no damage.
The black bear claws you but does no damage. x2
The white imp barely misses you.
The howler monkey hoots and howls with incredible vigour!
The black bear bites you but does no damage.
The black bear claws you. The black bear barely misses you.
The gnoll hits you but does no damage. Something hits you but does no damage.
The gnoll barely misses you. The gnoll hits you but does no damage.
The black bear barely misses you.
The black bear claws you but does no damage. x2
The black bear barely misses you.
The black bear claws you but does no damage. x2
The howler monkey hits you. The white imp closely misses you.
You hear a shout! x2; You hear a bark!
You hear a shout!
You shoot a sling bullet. The sling bullet hits the black bear!
The black bear is heavily wounded.
The gnoll closely misses you.
The howler monkey hits you but does no damage.
The gnoll hits you but does no damage. The gnoll misses you.
The white imp closely misses you. Something hits you but does no damage.
The black bear bites you. The black bear completely misses you.
The black bear claws you.
The black bear bites you but does no damage.
The black bear barely misses you.
The black bear claws you but does no damage.
The gnoll hits you with a +0 club.
The howler monkey hits you but does no damage.
The gnoll hits you with a +0 club.
The gnoll hits you from afar with a +0 spear.
The black bear bites you. The black bear barely misses you. x2
The black bear bites you.
You die...

#........#...
###............
##.............#
.............. #
#.................
.###..............{#
...#...........5hh.# .
................@g# ..
...............gh.# ..#
...............g..# ....
...##.............### .....
##.#........>.......#...g..
............#####........g.
##.......##.#.#.........5..
##......###......#....g....
............#.##.#.........


You could see 2 black bears, a howler monkey, 3 gnolls and a white imp.

Vanquished Creatures
  A phantom (D:4)
  A vampire bat (D:5)
  A howler monkey (D:4)
  A gnoll bouda (D:5)
  5 hounds
  Jessica (D:3)
  2 iguanas (D:5)
  Natasha (twice) (D:3)
  7 gnolls
  2 adders
  3 worms
  6 orcs
  4 bats
  3 bat skeletons (D:5)
  2 bat zombies (D:5)
  9 endoplasms
  4 giant cockroaches
  10 goblins
  11 hobgoblins
  2 quokkas (D:1)
  5 ball pythons
  3 frilled lizards (D:1)
  6 kobolds
  5 rats
96 creatures vanquished.

Notes
Turn   | Place    | Note
-------+----------+-------------------------------------------
     0 | D:1      | qw the Gargoyle Hexslinger began the quest for the Orb.
     0 | D:1      | Reached XP level 1. HP: 12/12 MP: 2/2
     0 | D:1      | 0 ||| qw: Version: 0.3-a-46-gb1f654a
     0 | D:1      | 0 ||| qw: Game counter: 2590
     0 | D:1      | 0 ||| qw: Melee chars always use a shield: true
     0 | D:1      | 0 ||| qw: God list: Okawaru
     0 | D:1      | 0 ||| qw: Allow faded altars: false
     0 | D:1      | 0 ||| qw: Do Orc after clearing Dungeon:15 true
     0 | D:1      | 0 ||| qw: Do second Lair branch before Depths: true
     0 | D:1      | 0 ||| qw: Lair rune preference: random
     0 | D:1      | 0 ||| qw: Goals: Normal
     0 | D:1      | 0 ||| PLANNING D:1-11
    55 | D:1      | Reached XP level 2. HP: 16/16 MP: 3/3
    60 | D:1      | HP: 4/16 [endoplasm (2)]
    62 | D:1      | HP: 1/16 [rat (1)]
    77 | D:1      | HP: 4/16 [bat (1)]
   156 | D:1      | Reached skill level 3 in Ranged Weapons
   388 | D:1      | Reached XP level 3. HP: 21/21 MP: 4/4
   465 | D:1      | 465 ||| UPGRADING to +2 cloak.
   470 | D:1      | 470 ||| UPGRADING to +0 helmet.
   475 | D:1      | 475 ||| READING scroll labelled EBIETARCHUN.
   476 | D:1      | 476 ||| READING scroll labelled LOISASOOKAD.
   477 | D:1      | 477 ||| DROPPING scroll of poison.
   547 | D:2      | Found Ridedaf's Weapon Boutique.
   551 | D:2      | Reached XP level 4. HP: 26/26 MP: 5/5
   586 | D:2      | Reached skill level 4 in Ranged Weapons
   609 | D:2      | 609 ||| FLEEEEING.
   852 | D:2      | Found Tievaboe's Magic Scroll Shop.
   862 | D:2      | 862 ||| SHOPLISTING scroll of enchant weapon (97 gold, have
                  | 71).
   862 | D:2      | 862 ||| BUYING scroll of identify (26 gold).
   862 | D:2      | Bought a scroll of identify for 26 gold pieces
   862 | D:2      | 862 ||| BUYING scroll of identify (26 gold).
   862 | D:2      | Bought a scroll of identify for 26 gold pieces
   862 | D:2      | 862 ||| SHOPLISTING scroll of teleportation (39 gold, have
                  | 19).
   908 | D:2      | 908 ||| UPGRADING to +0 leather armour.
   920 | D:2      | 920 ||| DROPPING +0 robe.
   921 | D:2      | 921 ||| UPGRADING to +0 ring mail.
   931 | D:2      | 931 ||| DROPPING +0 leather armour.
   995 | D:2      | Found Zatsuip's Assorted Antiques.
  1005 | D:2      | 1005 ||| BUYING 2 red potions (46 gold).
  1005 | D:2      | Bought 2 red potions for 46 gold pieces
  1005 | D:2      | 1005 ||| SHOPLISTING brown potion (23 gold, have 17).
  1005 | D:2      | 1005 ||| SHOPLISTING glowing fluorescent wand (104 gold,
                  | have 17).
  1005 | D:2      | 1005 ||| SHOPLISTING purple potion (23 gold, have 17).
  1005 | D:2      | 1005 ||| SHOPLISTING runed diamond ring (130 gold, have
                  | 17).
  1005 | D:2      | 1005 ||| SHOPLISTING scroll labelled CAMUIFF DUPPI (26
                  | gold, have 17).
  1005 | D:2      | 1005 ||| SHOPLISTING scroll of enchant armour (195 gold,
                  | have 17).
  1005 | D:2      | 1005 ||| SHOPLISTING small silver amulet (130 gold, have
                  | 17).
  1085 | D:2      | 1085 ||| READING scroll labelled EMULIS WIRE.
  1086 | D:2      | 1086 ||| READING scroll labelled VOLUHI JIRPHOSCH.
  1087 | D:2      | 1087 ||| DRINKING 3 red potions.
  1088 | D:2      | 1088 ||| READING 3 scrolls of identify.
  1088 | D:2      | 1088 ||| IDENTIFYING brown potion
  1089 | D:2      | 1089 ||| READING 2 scrolls of identify.
  1089 | D:2      | 1089 ||| IDENTIFYING sapphire potion
  1090 | D:2      | 1090 ||| DROPPING 2 potions of degeneration.
  1091 | D:2      | 1091 ||| DROPPING potion of berserk rage.
  1281 | D:3      | 1281 ||| READING scroll of enchant armour.
  1281 | D:3      | 1281 ||| ENCHANTING +0 helmet.
  1285 | D:3      | Reached skill level 1 in Armour
  1285 | D:3      | Reached XP level 5. HP: 30/30 MP: 6/6
  1490 | D:3      | Found a blossoming altar of Fedhas.
  1694 | D:3      | Noticed Jessica
  1696 | D:3      | Killed Jessica
  1769 | D:3      | Reached skill level 5 in Ranged Weapons
  1785 | D:3      | Found a faded altar of an unknown god.
  1845 | D:3      | Noticed Natasha
  1856 | D:3      | Killed Natasha
  1966 | D:3      | 1966 ||| UPGRADING to +0 pair of gloves.
  1971 | D:3      | 1971 ||| UPGRADING to +4 ring of protection.
  1972 | D:3      | 1972 ||| READING scroll labelled REASOGGACVI.
  1973 | D:3      | 1973 ||| READING scroll labelled TIGAOR EHIKOL.
  1974 | D:3      | 1974 ||| READING 2 scrolls of identify.
  1974 | D:3      | 1974 ||| IDENTIFYING fizzy cyan potion
  2004 | D:3      | Noticed Natasha
  2007 | D:3      | Killed Natasha
  2008 | D:3      | Reached skill level 3 in Fighting
  2031 | D:4      | Reached XP level 6. HP: 37/37 MP: 7/7
  2269 | D:4      | Found a runed translucent door.
  2270 | D:4      | Noticed Crazy Yiuf
  2433 | D:4      | Reached skill level 6 in Ranged Weapons
  2477 | D:4      | Found Sotothrabui's Jewellery Shop.
  2480 | D:4      | 2480 ||| SHOPLISTING +5 ring of evasion (396 gold, have
                  | 94).
  2480 | D:4      | 2480 ||| SHOPLISTING amulet of reflection (330 gold, have
                  | 94).
  2480 | D:4      | 2480 ||| SHOPLISTING amulet of regeneration (330 gold, have
                  | 94).
  2480 | D:4      | 2480 ||| SHOPLISTING ring of protection from fire (275
                  | gold, have 94).
  2729 | D:4      | 2729 ||| READING scroll of enchant armour.
  2729 | D:4      | 2729 ||| ENCHANTING +0 pair of gloves.
  3012 | D:4      | 3012 ||| READING scroll labelled PUUNIURGHIQ.
  3013 | D:4      | 3013 ||| DRINKING 2 ruby potions.
  3044 | D:4      | 3044 ||| DROPPING potion of lignification.
  3083 | D:5      | Entered Level 5 of the Dungeon
  3159 | D:5      | Reached XP level 7. HP: 32/41 MP: 8/8
  3309 | D:5      | Found an ancient bone altar of Kikubaaqudgha.
  3388 | D:5      | 3388 ||| FLEEEEING.
  3389 | D:5      | 3389 ||| FLEEEEING.
  3390 | D:5      | 3390 ||| FLEEEEING.
  3391 | D:5      | 3391 ||| Stepping ~*~*~tactically~*~*~ (outnumbered).
  3392 | D:5      | 3392 ||| Stepping ~*~*~tactically~*~*~ (outnumbered).
  3397 | D:5      | Noticed Sigmund
  3404 | D:5      | HP: 7/43 [gnoll/+0 club[a gnoll bouda] (6)]
  3405 | D:5      | 3405 ||| DRINKING 2 potions of heal wounds.
  3410 | D:5      | HP: 9/43 [gnoll/+0 club[a gnoll bouda] (5)]
  3411 | D:5      | 3411 ||| DRINKING potion of heal wounds.
  3413 | D:5      | HP: 2/43 [black bear (6)]
  3413 | D:5      | Slain by a black bear

Levels and vault maps discovered:
D:1:      heliophobic_arrival_henge, layout_rooms
D:2:      layout_basic, serial_shops, shop, nicolae_shop_rolling_square, shop,
          hangedman_glass_garden, minivault_26, minmay_circle_x
D:3:      layout_basic, mainiacjoe_overflow_surrounded_room,
          ebering_ecumenical_altar_petrified, grunt_decor_mini_mirrors,
          uniq_jessica, uniq_natasha
D:4:      layout_basic, serial_shops, kennysheep_mini_moat,
          minmay_goblin_outpost, uniq_crazy_yiuf_cottage
D:5:      layout_cave_pools, kennysheep_vampire_church, dreamdust_gnoll_farm,
          uniq_sigmund, uniq_blork_the_orc

Skill      XL: |  1  2  3  4  5  6  7 |
---------------+----------------------+-----
Ranged Weapons | 3 4 5 6 |  6.9
Fighting       | 2 3 4 |  4.0
Armour         | 1 2 |  2.1
Dodging        | |  1.5
Spellcasting   | |  1.0
Hexes          | |  2.6

Action                     |  1- 3 |  4- 6 |  7- 9 || total
---------------------------+-------+-------+-------++-------
   Fire: Sling             |    85 |   132 |    69 ||   286
    Use: Scroll            |     2 |    10 |       ||    12
         Potion            |       |     2 |     2 ||     4
 Armour: Robe              |    12 |     2 |       ||    14
         Skin              |       |     3 |       ||     3
         Ring mail         |       |    56 |   206 ||   262
  Dodge: Dodged            |     8 |    55 |   160 ||   223

Table legend:
 A = Non-vault XP
 B = Vault XP
 C = Vault XP percentage of total XP
 D = Non-vault monster count
 E = Vault monster count
 F = Vault count percentage of total count
                 A         B        C        D         E       F
            +---------+---------+-------+---------+---------+-------
      Total |     639 |     275 |  30.1 |      76 |      20 |  20.8
            +---------+---------+-------+---------+---------+-------
        D:1 |      42 |       0 |   0.0 |      26 |       0 |   0.0
        D:2 |     112 |       4 |   3.4 |      14 |       3 |  17.6
        D:3 |      60 |      70 |  53.8 |      12 |       2 |  14.3
        D:4 |     236 |       8 |   3.3 |      14 |       4 |  22.2
        D:5 |     189 |     193 |  50.5 |      10 |      11 |  52.4
            +---------+---------+-------+---------+---------+-------
